Map: [EWC] Oceanborn

Players

Astrea

  • Race: Protoss Protoss
  • Spawn Location: 5:00

ByuN - Winner!

  • Race: Terran Terran
  • Spawn Location: 11:00

Event: Esports World Cup 2024

VOD

Have the link to the VOD?

Description

Time

  • Played on: Aug. 15, 2024, 11:37 a.m.
  • Length: 7:58

All games in this series

Show
View Real Time Build Order
Export as new Build Order

Astrea Protoss 

Build Orders: 1 Gate Expand, Dark Templar Rush 

Get SALT Encoding   

  12  0:00  Probe  
  13  0:12  Probe  
  14  0:16  Pylon  
  14  0:24  Probe (Chrono Boost)  
  15  0:35  Gateway  
  15  0:36  Probe (Chrono Boost)  
  16  0:43  Probe (Chrono Boost)  
  16  0:45  Assimilator  
  17  0:51  Probe  
  18  1:03  Probe  
  19  1:15  Probe  
  20  1:22  Cybernetics Core  
  20  1:23  Zealot  
  22  1:34  Nexus  
  22  1:41  Pylon  
  22  1:46  Assimilator  
  22  1:48  Probe  
  23  1:56  Adept (Chrono Boost)  
  23  1:59  Warp Gate  
  25  2:02  Probe  
  26  2:14  Probe  
  26  2:16  Adept (Chrono Boost)  
  28  2:26  Probe  
  29  2:33  Twilight Council  
  29  2:38  Probe  
  30  2:47  Probe  
  30  2:50  Stalker, Probe  
  34  2:59  Probe  
  34  3:02  Probe (Chrono Boost)  
  33  3:06  Gateway  
  33  3:11  Probe (Chrono Boost)  
  34  3:13  Dark Shrine  
  34  3:15  Probe (Chrono Boost)  
  35  3:22  Probe (Chrono Boost)  
  35  3:23  Probe (Chrono Boost)  
  37  3:27  Probe (Chrono Boost)  
  37  3:29  Probe  
  37  3:30  Robotics Facility  
  39  3:38  Pylon  
  39  3:40  Probe  
  40  3:45  Probe  
  40  3:47  Assimilator  
  41  3:52  Probe  
  41  3:54  Pylon  
  42  3:58  Probe  
  43  4:03  Blink (Chrono Boost)  
  43  4:06  Probe  
  44  4:11  Stalker  
  44  4:14  Stalker  
  44  4:15  Probe  
  44  4:16  Warp Prism (Chrono Boost)  
  49  4:21  Probe  
  52  4:27  Probe  
  53  4:32  Pylon  
  53  4:35  Dark Templar  
  55  4:38  Probe  
  56  4:46  Dark Templar  
  56  4:47  Pylon  
  56  4:50  Probe x2  
  60  4:56  Pylon  
  58  5:13  Probe  
  57  5:16  Probe  
  57  5:23  Dark Templar  
  57  5:26  Probe  
  56  5:28  Probe  
  56  5:29  Dark Templar x2  
  59  5:35  Nexus  
  59  5:38  Probe  
  59  5:40  Probe  
  59  5:42  Assimilator  
  61  5:44  Pylon  
  61  5:50  Probe  
  61  5:52  Probe  
  61  6:01  Stalker x2  
  61  6:02  Probe  
  66  6:04  Shield Battery  
  66  6:05  Probe  
  66  6:08  Immortal (Chrono Boost)  
  71  6:14  Probe  
  71  6:18  Gateway  
  72  6:19  Gateway  
  72  6:22  Probe  
  72  6:25  Robotics Bay  
  71  6:32  Probe  
  72  6:36  Gateway  
  73  6:40  Sentry  
  73  6:42  Gateway  
  73  6:43  Probe  
  75  6:48  Immortal (Chrono Boost)  
  75  6:49  Probe  
  80  6:54  Probe  
  77  7:04  Stalker x2  
  73  7:11  Shield Battery  
  73  7:15  Pylon  
  69  7:22  Zealot x2  
  76  7:28  Zealot x2  
  72  7:35  Zealot  
  64  7:41  Robotics Facility  
  64  7:42  Stalker x2  
  64  7:43  Stalker  
  64  7:49  Zealot x2  
  62  7:55  Stalker  
Show
View Real Time Build Order
Export as new Build Order

ByuN Terran - Winner!

Build Orders: Reaper Expand 

Get SALT Encoding   

  12  0:00  SCV  
  13  0:12  SCV  
  14  0:17  Supply Depot  
  14  0:24  SCV  
  15  0:39  SCV  
  15  0:40  Barracks  
  15  0:42  Refinery  
  16  0:51  SCV  
  17  1:03  SCV  
  18  1:15  SCV  
  19  1:27  Orbital Command, Reaper  
  20  1:38  Command Center  
  20  1:46  Supply Depot  
  20  1:53  SCV  
  21  1:54  Refinery  
  21  1:59  Barracks Tech Lab  
  21  2:05  SCV  
  22  2:17  SCV, Concussive Shells  
  22  2:18  Marauder  
  25  2:29  SCV, Factory  
  26  2:39  Marauder  
  28  2:46  SCV  
  28  2:59  SCV  
  29  3:11  SCV  
  28  3:13  Barracks Reactor  
  28  3:14  Widow Mine  
  28  3:15  Starport  
  28  3:16  Orbital Command, Barracks  
  30  3:24  SCV  
  31  3:35  Widow Mine  
  31  3:36  SCV  
  34  3:46  SCV  
  34  3:48  SCV  
  36  3:51  Marine x2  
  36  3:52  Medivac  
  36  3:53  Supply Depot  
  40  3:58  SCV, Widow Mine  
  40  4:00  SCV  
  44  4:03  Bunker  
  44  4:05  Stimpack  
  44  4:10  SCV  
  44  4:12  SCV  
  44  4:15  Marine  
  47  4:17  Engineering Bay  
  47  4:18  Marauder  
  47  4:23  SCV  
  50  4:24  Supply Depot  
  50  4:25  SCV  
  50  4:30  Barracks  
  51  4:32  Factory Tech Lab  
  51  4:35  SCV  
  53  4:38  SCV  
  53  4:39  Marine  
  54  4:46  Marine, Starport Reactor, Marauder  
  54  4:47  SCV  
  54  4:48  Supply Depot  
  54  4:50  Terran Infantry Weapons Level 1  
  58  4:58  SCV  
  58  4:59  SCV, Marine  
  61  5:10  SCV, Marauder  
  61  5:12  SCV  
  61  5:14  Missile Turret  
  60  5:22  SCV  
  60  5:26  Marine x2  
  60  5:27  Marauder  
  61  5:32  Marauder  
  61  5:34  Missile Turret  
  61  5:35  SCV x2  
  62  5:42  Medivac  
  64  5:49  Marauder  
  63  5:52  Marine x2  
  63  5:53  Marauder  
  63  5:56  SCV x2  
  69  6:03  Refinery  
  69  6:04  Supply Depot  
  69  6:06  Supply Depot  
  69  6:09  SCV  
  70  6:25  Marine x2  
  70  6:26  Supply Depot, SCV, Marauder x2  
  70  6:28  Medivac  
  70  6:31  Viking  
  81  6:34  Combat Shield  
  81  6:38  Factory Reactor  
  81  6:41  SCV x2  
  81  6:45  Marine  
  84  6:47  Marine  
  84  6:49  Supply Depot  
  84  6:51  Marauder  
  87  6:56  Marauder  
  87  6:57  SCV  
  86  7:02  SCV, Marine  
  86  7:10  SCV  
  87  7:19  Marine, Marauder x2  
  87  7:20  Marine  
  92  7:32  Command Center  
  92  7:37  Marine  
  86  7:39  Marine  
  86  7:40  Marine  
Tags
 
Add a new tag
Caveats
  • Supply blocks, unpowered buildings, or Contaminate may cause inaccurate times.
  • Supply counts are checked every 10 seconds.